 Dungeon Crawl Stone Soup version 0.22.0-38-g04b72b8 (webtiles) character file.

6684 Greyaxe the Cleaver (level 10, -2/90 HPs)
             Began as a Minotaur Fighter on Aug 29, 2018.
             Was a Believer of the Shining One.
             Slain by Snorg (5 damage)
             ... on level 10 of the Dungeon.
             The game lasted 00:36:59 (9533 turns).

Greyaxe the Cleaver (Minotaur Fighter)              Turns: 9533, Time: 00:37:00

Health: -2/90      AC: 17    Str: 25    XL:     10   Next: 73%
Magic:  9/9        EV:  9    Int:  5    God:    the Shining One [**....]
Gold:   112        SH: 12    Dex:  9    Spells: 9/9 levels left

rFire    . . .     SeeInvis .   a - +0 war axe
rCold    . . .     Gourm    .   c - +0 shield
rNeg     + . .     Faith    .   q - +1 plate armour
rPois    .         Spirit   .   (helmet restricted)
rElec    .         Reflect  .   h - +0 cloak
rCorr    .         Harm     .   (no gloves)
MR       +....                  p - +0 pair of boots
Stlth    ..........             k - amulet of rage
HPRegen  0.25/turn              s - ring of protection from magic
MPRegen  0.11/turn              g - +2 ring of evasion

@: glowing
A: retaliatory headbutt, horns 2
a: Divine Shield, Renounce Religion, Evoke Berserk Rage


You were on level 10 of the Dungeon.
You worshipped the Shining One.
The Shining One was pleased with you.
You were not hungry.

You visited 2 branches of the dungeon, and saw 11 of its levels.

You collected 422 gold pieces.
You spent 310 gold pieces at shops.

Inventory:

Hand Weapons
 a - a +0 war axe (weapon)
Armour
 b - a +0 scale mail
 c - a +0 shield (worn)
 h - a +0 cloak (worn)
 n - a +0 chain mail
 p - a +0 pair of boots (worn)
 q - a +1 plate armour (worn)
Jewellery
 g - a +2 ring of evasion (right hand)
 i - an uncursed ring of resist corrosion {unknown}
 k - an amulet of rage (around neck)
 o - an uncursed ring of magical power
 s - a ring of protection from magic (left hand)
 u - a +3 ring of strength
 w - an uncursed ring of flight
 B - an uncursed ring of poison resistance
Wands
 m - a wand of random effects (56)
Scrolls
 e - a scroll of amnesia
 l - 2 scrolls of teleportation
 t - a scroll of immolation
 v - 2 scrolls of remove curse
 y - a scroll of magic mapping
 C - a scroll of blinking
 D - a scroll of brand weapon {unknown}
Potions
 d - 3 potions of might
 r - a potion of resistance
 x - a potion of mutation {unknown}
 z - a potion of flight
 A - a potion of berserk rage
Comestibles
 f - 16 rations


   Skills:
 + Level 8.4 Fighting
 + Level 12.6 Axes
 + Level 8.7 Armour
 + Level 3.1 Dodging
 + Level 2.1 Stealth
 + Level 9.5 Shields
 + Level 0.1 Invocations
 + Level 1.2 Evocations


You had 9 spell levels left.
You didn't know any spells.
Your spell library was empty.

Dungeon Overview and Level Annotations

Branches:
Dungeon (10/15)            Temple (1/1) D:5
   Lair: D:8-11         Orc: D:9-12

Altars:
Ashenzari
Cheibriados
Dithmenos
Elyvilon
Fedhas
Gozag
Hepliaklqana
Kikubaaqudgha
Makhleb
Nemelex Xobeh
Okawaru
Qazlal
Ru
Sif Muna
Trog
Uskayaw
Vehumet
Wu Jian
Xom
Yredelemnul
Zin
The Shining One

Shops:
D:8 !

Annotations:
D:10 Snorg


Innate Abilities, Weirdness & Mutations

You reflexively headbutt those who attack you in melee.
You have a pair of horns on your head.


Message History

Snorg misses you. Snorg claws you. Snorg claws you but does no damage.
Snorg closely misses you. Snorg claws you but does no damage. Snorg claws you.
You hit Snorg.
Snorg is severely wounded.
Snorg bites you! You block Snorg's attack. x2
You slice Snorg!! Your headbutt misses Snorg.
Snorg is almost dead.
Snorg bites you!!
* * * LOW HITPOINT WARNING * * *
Snorg completely misses you. Snorg barely misses you.
You feel better.
You block Snorg's attack. x3; Snorg bites you!
* * * LOW HITPOINT WARNING * * *
Snorg claws you but does no damage. Snorg claws you!
* * * LOW HITPOINT WARNING * * *
Snorg bites you but does no damage. You block Snorg's attack.
Snorg closely misses you. Snorg bites you but does no damage.
Snorg claws you but does no damage. You block Snorg's attack.
You block Snorg's attack. Snorg claws you but does no damage. Snorg claws you.
You die...

#... #...........
#... #%#.?.....#.##
#....#.#.......!...
...#.####.####.#
.............#
##.####......#
###......###..#
#.....##T# .# #
#......#@# #
#.#......#.#
#.'......#.#
###......#.#
#######......#.###
..................
##########.###.###
#.................
##.########........


You could see Snorg (berserk).

Vanquished Creatures
  Pikel (D:8)
  A manticore (D:9)
  A queen bee (D:9)
  2 hippogriffs
  Edmund (D:6)
  A water moccasin (D:7)
  7 orc warriors
  A black bear (D:6)
  2 necrophages
  6 ogres
  2 phantoms (D:9)
  A sky beast (D:5)
  3 centaurs
  3 bullfrogs
  A big kobold (D:2)
  A gnoll sergeant (D:5)
  A water moccasin zombie (D:5)
  3 scorpions
  13 killer bees (D:9)
  5 wights (D:8)
  2 howler monkeys (D:7)
  A bullfrog zombie (D:5)
  3 crimson imps
  A jelly (D:8)
  15 orc wizards
  3 centaur skeletons
  An orc priest (D:6)
  A gnoll shaman (D:8)
  4 hounds
  3 iguanas
  Ijyb (D:4)
  13 worker ants
  A hound zombie (D:8)
  2 hound skeletons
  11 gnolls
  19 adders
  A river rat (D:4)
  A shadow imp (D:8)
  6 oozes
  An adder skeleton (D:7)
  6 worms
  3 dart slugs
  7 leopard geckos
  32 orcs
  7 giant cockroaches
  4 goblins
  8 hobgoblins
  15 jackals
  9 kobolds
  6 quokkas
  3 ball pythons
  10 bats
  4 frilled lizards
  A giant cockroach zombie (D:5)
  A jackal skeleton (D:4)
  A jackal zombie (D:6)
  A leopard gecko skeleton (D:7)
  A leopard gecko zombie (D:7)
  A quokka skeleton (D:7)
  9 rats
275 creatures vanquished.

Vanquished Creatures (others)
  A slave (D:8)
  An adder (D:8)
2 creatures vanquished.

Grand Total: 277 creatures vanquished

Notes
Turn   | Place    | Note
-------+----------+-------------------------------------------
     0 | D:1      | Greyaxe the Minotaur Fighter began the quest for the Orb.
     0 | D:1      | Reached XP level 1. HP: 19/19 MP: 0/0
    48 | D:1      | Reached XP level 2. HP: 20/27 MP: 1/1
   647 | D:1      | Reached XP level 3. HP: 33/33 MP: 2/2
   706 | D:1      | Reached skill level 3 in Axes
  1136 | D:2      | Noticed a big kobold
  1142 | D:2      | Reached skill level 1 in Dodging
  1150 | D:2      | Killed a big kobold
  1150 | D:2      | Reached skill level 4 in Axes
  1150 | D:2      | Reached XP level 4. HP: 36/40 MP: 3/3
  1170 | D:2      | Reached XP level 5. HP: 45/46 MP: 4/4
  1388 | D:2      | Found a snail-covered altar of Cheibriados.
  2722 | D:4      | Noticed Ijyb
  2736 | D:3      | Reached skill level 5 in Shields
  2736 | D:3      | Reached XP level 6. HP: 22/53 MP: 5/5
  2950 | D:4      | Reached skill level 5 in Axes
  2980 | D:4      | Reached skill level 5 in Armour
  3068 | D:4      | Killed Ijyb
  3098 | D:4      | Reached skill level 6 in Axes
  3098 | D:4      | Reached XP level 7. HP: 51/59 MP: 6/6
  3458 | D:4      | Found an ancient bone altar of Kikubaaqudgha.
  3608 | D:5      | Entered Level 5 of the Dungeon
  3628 | D:5      | Reached skill level 5 in Fighting
  3628 | D:5      | Reached skill level 7 in Axes
  3956 | D:5      | Reached XP level 8. HP: 63/68 MP: 7/7
  4495 | D:5      | Reached skill level 8 in Axes
  4762 | D:5      | Found a staircase to the Ecumenical Temple.
  4771 | Temple   | Entered the Ecumenical Temple
  4793 | Temple   | Became a worshipper of the Shining One
  5211 | D:6      | Reached skill level 1 in Stealth
  5369 | D:6      | Noticed Edmund
  5387 | D:6      | Killed Edmund
  5407 | D:6      | Reached XP level 9. HP: 62/75 MP: 8/8
  5466 | D:6      | Found a blossoming altar of Fedhas.
  5468 | D:6      | Found a deep blue altar of Sif Muna.
  5551 | D:6      | Reached skill level 9 in Axes
  6375 | D:7      | Reached * piety under the Shining One
  6517 | D:7      | Reached skill level 10 in Axes
  6732 | D:7      | Found a shattered altar of Ashenzari.
  7272 | D:8      | Reached ** piety under the Shining One
  7273 | D:8      | Reached skill level 11 in Axes
  7355 | D:8      | Found Hozoh's Distillery.
  7366 | D:8      | Bought a potion of heal wounds for 50 gold pieces
  7366 | D:8      | Bought a potion of might for 40 gold pieces
  7366 | D:8      | Bought a potion of flight for 30 gold pieces
  7366 | D:8      | Bought a potion of heal wounds for 50 gold pieces
  7366 | D:8      | Bought a potion of heal wounds for 50 gold pieces
  7366 | D:8      | Bought a potion of might for 40 gold pieces
  7366 | D:8      | Bought a potion of berserk rage for 50 gold pieces
  7574 | D:8      | Noticed Pikel
  7595 | D:8      | Killed Pikel
  7595 | D:8      | Reached skill level 1 in Evocations
  7595 | D:8      | Reached XP level 10. HP: 63/86 MP: 5/9
  7641 | D:8      | Found a basalt altar of Yredelemnul.
  8332 | D:9      | Reached skill level 12 in Axes
  8924 | D:9      | Found a sparkling altar of Nemelex Xobeh.
  8925 | D:9      | Found an opulent altar of Gozag.
  8970 | D:9      | Noticed a manticore
  8982 | D:9      | Killed a manticore
  9452 | D:10     | Entered Level 10 of the Dungeon
  9517 | D:10     | Noticed Snorg
  9528 | D:10     | HP: 2/90 [Snorg (11)]
  9533 | D:10     | Slain by Snorg

Skill      XL: |  1  2  3  4  5  6  7  8  9 10 |
---------------+-------------------------------+-----
Armour         | 4 5 7 8 |  8.7
Fighting       | 4 5 6 7 8 |  8.4
Shields        | 4 5 6 7 8 9 |  9.5
Axes           | 4 6 7 8 11 12 | 12.6
Dodging        | 1 2 3 |  3.1
Stealth        | 1 2 |  2.1
Evocations     | 1 |  1.2
Invocations    | |  0.1

Action                   |  1- 3 |  4- 6 |  7- 9 | 10-12 || total
-------------------------+-------+-------+-------+-------++-------
Melee: War axe           |    86 |   168 |   388 |   153 ||   795
       Headbutt          |    13 |    32 |    70 |    25 ||   140
Invok: Divine Shield     |       |       |     1 |       ||     1
 Abil: Evoke Berserk Rag |       |       |     1 |     3 ||     4
Evoke: Wand              |       |       |     2 |       ||     2
  Use: Scroll            |     3 |     4 |     9 |     2 ||    18
       Potion            |       |       |     4 |     8 ||    12
  Eat: Ration            |     1 |     1 |     5 |     2 ||     9
       Chunk             |       |       |     2 |       ||     2
Armor: Scale mail        |    46 |     9 |       |       ||    55
       Chain mail        |       |    83 |    75 |       ||   158
       Plate armour      |       |       |   135 |    98 ||   233
Dodge: Dodged            |    40 |    49 |   100 |    75 ||   264
Block: Shield            |    69 |    92 |   269 |   137 ||   567
